 Dungeon Crawl Stone Soup version 0.22.1-1-ga44c0e5 (webtiles) character file.

802 Xifihas the Gusty (level 7, -1/56 HPs)
             Began as a Pale Draconian Air Elementalist on Sept 28, 2018.
             Was a Believer of Yredelemnul.
             Shot with an arrow by a centaur (5 damage)
             ... on level 5 of the Dungeon on Sept 29, 2018.
             The game lasted 00:26:28 (3656 turns).

Xifihas the Gusty (Pale Draconian Air Elementalist) Turns: 3656, Time: 00:26:28

Health: -1/56      AC:  7    Str: 11    XL:     7   Next: 59%
Magic:  5/12       EV: 13    Int: 16    God:    Yredelemnul [**....]
Gold:   165        SH:  0    Dex: 12    Spells: 3/13 levels left

rFire    . . .     SeeInvis .   c - +2 dagger (venom)
rCold    . . .     Gourm    .   (no shield)
rNeg     . . .     Faith    .   (armour unavailable)
rPois    .         Spirit   .   (helmet restricted)
rElec    .         Reflect  .   (no cloak)
rCorr    +         Harm     .   (no gloves)
MR       .....                  j - +0 pair of boots
Stlth    +.........             (no amulet)
HPRegen  0.18/turn              g - ring of attention (curse)
MPRegen  0.13/turn              p - ring of resist corrosion

@: very slightly contaminated
A: breathe steam, unfitting armour, cold-blooded, AC +6
a: Breathe Steam, Animate Remains, Recall Undead Slaves, Injury Mirror, Renounce
Religion


You were on level 5 of the Dungeon.
You worshipped Yredelemnul.
Yredelemnul was pleased with you.
You were not hungry.

You visited 1 branch of the dungeon, and saw 5 of its levels.

You collected 165 gold pieces.

Inventory:

Hand Weapons
 c - a +2 dagger of venom (weapon)
 f - a +0 spear of venom
 q - a cursed -2 trident
 w - a +1 dire flail of draining
Missiles
 h - 107 stones (quivered)
 l - 46 arrows
 n - 41 sling bullets
 u - 37 bolts
Armour
 j - a +0 pair of boots (worn)
Jewellery
 g - a cursed ring of attention (left hand)
 p - a ring of resist corrosion (right hand)
 r - a cursed ring of teleportation {unknown}
Wands
 d - a wand of digging (13)
 x - a wand of enslavement (15)
Scrolls
 i - a scroll of teleportation
Potions
 a - a potion of agility
 e - a potion of invisibility
 k - a potion of might
 m - a potion of brilliance
 o - a potion of flight
 s - a potion of heal wounds {unknown}
 v - 3 potions of curing
Comestibles
 b - 6 rations
 z - 2 chunks of flesh


   Skills:
 + Level 2.6 Fighting
 + Level 3.0 Short Blades
 + Level 2.9 Dodging
 + Level 3.1 Stealth
 + Level 3.5 Spellcasting
 + Level 2.4 Conjurations
 + Level 1.0 Charms
 + Level 5.1 Air Magic
 + Level 2.7 Invocations


You had 3 spell levels left.
You knew the following spells:

 Your Spells              Type           Power        Failure   Level  Hunger
a - Shock                 Conj/Air       ###.         3%          1    None
b - Swiftness             Chrm/Air       ##......     8%          2    ##.....
c - Static Discharge      Conj/Air       ###.....     11%         3    ###....
d - Airstrike             Air            ###.......   22%         4    ####...

Your spell library contained the following spells:

 Spells                   Type           Power        Failure   Level  Hunger
 Lightning Bolt           Conj/Air       ###.......   71%         5    ######.


Dungeon Overview and Level Annotations

Branches:
Dungeon (5/15)             Temple (0/1) D:4

Altars:
Elyvilon
Yredelemnul


Innate Abilities, Weirdness & Mutations

You can breathe blasts of scalding, opaque steam.
Your pale cyan-grey scales are hard. (AC +6)
You cannot fit into any form of body armour.
You are cold-blooded and may be slowed by cold attacks.


Message History

You see here an arrow.
As you read the scroll of fear, it crumbles to dust.
You assume a fearsome visage.
The gnoll sergeant looks frightened!
The orc warrior looks frightened!
The gnoll sergeant looks frightened!
Your ogre zombie is unaffected.
The iguana looks frightened!
The centaur looks frightened!
The gnoll sergeant hits your ogre zombie with a trident.
The centaur cries, "Help!"
Your ogre zombie hits the gnoll sergeant with a giant spiked club!
The gnoll sergeant dies!
Yredelemnul accepts your kill.
The gnoll sergeant hits something with a trident!
Cornered, the centaur turns to fight!
The centaur shoots an arrow.
The arrow hits you but does no damage.
The centaur shoots an arrow.
The arrow hits you.
* * * LOW HITPOINT WARNING * * *
You see here 2 arrows.
The centaur shoots an arrow.
The arrow hits you.
You die...
Your body rises from the dead as a mindless zombie.

....# ...##
########## ....#
#.......c#
....#######.....%..#
....Z)o...(........#
....#######......!.#
....## #........####
.....# #....(......#
..##...#
######@####.#
..####.. #.# ....#
##. #l# .##..... #.#
..#####. .. #.# ..#
.. ... .# .# #.# #.
#.# .###.## #.###
#.# #<# #.#....#
#...##
#..###<####.......


You could see a centaur and an iguana (fleeing).

Vanquished Creatures
  A sky beast (D:5)
  A phantom (D:5)
  An ogre (D:5)
  A scorpion (D:4)
  A howler monkey (D:4)
  A jelly (D:5)
  A hound (D:4)
  A centaur skeleton (D:5)
  Natasha (thrice) (D:3)
  Terence (D:2)
  An iguana (D:4)
  2 worker ants
  A hound zombie (D:5)
  4 adders
  An ooze (D:1)
  An adder skeleton (D:4)
  A worm (D:3)
  2 dart slugs
  6 leopard geckos
  An orc (D:3)
  8 bats
  7 giant cockroaches
  3 goblins (D:1)
  3 hobgoblins
  3 quokkas
  6 frilled lizards
  4 kobolds
  7 rats
73 creatures vanquished.

Vanquished Creatures (collateral kills)
  Edmund (D:5)
  A gnoll sergeant (D:5)
  An adder skeleton (D:5)
  A quokka (D:5)
4 creatures vanquished.

Vanquished Creatures (others)
  An ogre zombie (D:5)
  A worker ant zombie (D:5)
  A frilled lizard zombie (D:5)
3 creatures vanquished.

Grand Total: 80 creatures vanquished

Notes
Turn   | Place    | Note
-------+----------+-------------------------------------------
     0 | D:1      | Xifihas the Draconian Air Elementalist began the quest for
                  | the Orb.
     0 | D:1      | Reached XP level 1. HP: 14/14 MP: 3/3
   178 | D:1      | Reached XP level 2. HP: 20/20 MP: 5/5
   771 | D:2      | Reached XP level 3. HP: 26/27 MP: 2/6
   775 | D:2      | Learned a level 2 spell: Swiftness
   779 | D:2      | Learned a level 3 spell: Static Discharge
   847 | D:2      | Reached skill level 1 in Fighting
   917 | D:2      | Noticed Terence
   923 | D:2      | Killed Terence
  1022 | D:2      | Reached skill level 1 in Short Blades
  1022 | D:2      | Reached XP level 4. HP: 35/35 MP: 5/7
  1025 | D:2      | Found a white marble altar of Elyvilon.
  1465 | D:3      | Noticed Natasha
  1521 | D:3      | Killed Natasha
  1528 | D:3      | Noticed Natasha
  1537 | D:3      | Killed Natasha
  1537 | D:3      | Reached XP level 5. HP: 10/40 MP: 8/8
  1548 | D:3      | Noticed Natasha
  1566 | D:3      | Killed Natasha
  1900 | D:3      | Found a faded altar of an unknown god.
  1916 | D:3      | Became a worshipper of Yredelemnul the Dark
  1916 | D:3      | Reached * piety under Yredelemnul
  1958 | D:3      | Reached skill level 4 in Air Magic
  2209 | D:4      | Noticed a phantom
  2513 | D:4      | Found a staircase to the Ecumenical Temple.
  2576 | D:4      | Reached XP level 6. HP: 19/48 MP: 4/10
  2582 | D:4      | Learned a level 4 spell: Airstrike
  2599 | D:4      | Reached skill level 1 in Invocations
  3147 | D:5      | Entered Level 5 of the Dungeon
  3147 | D:5      | Noticed a sky beast
  3178 | D:5      | Killed a sky beast
  3199 | D:5      | Your scales start taking on a pale cyan-grey colour.
  3199 | D:5      | Reached XP level 7. HP: 9/56 MP: 1/11
  3494 | D:5      | Noticed Edmund
  3507 | D:5      | Killed Edmund
  3507 | D:5      | Reached skill level 5 in Air Magic
  3601 | D:5      | Reached ** piety under Yredelemnul
  3601 | D:5      | Reached skill level 1 in Charms
  3656 | D:5      | Shot with an arrow by a centaur

Skill      XL: |  1  2  3  4  5  6  7 |
---------------+----------------------+-----
Stealth        | 2 3 |  3.1
Fighting       | 1 2 |  2.6
Dodging        | 2 |  2.9
Short Blades   | 1 2 3 |  3.0
Air Magic      | 4 5 |  5.1
Conjurations   | 2 |  2.4
Invocations    | 2 |  2.7
Spellcasting   | 3 |  3.5
Charms         | 1 |  1.0

Action                   |  1- 3 |  4- 6 |  7- 9 || total
-------------------------+-------+-------+-------++-------
Melee: Dagger            |    25 |   138 |    24 ||   187
       Tailslap          |     3 |     9 |     6 ||    18
 Cast: Shock             |    32 |    62 |    18 ||   112
       Swiftness         |       |     3 |       ||     3
       Static Discharge  |       |     3 |     1 ||     4
       Airstrike         |       |     1 |       ||     1
Invok: Animate Remains   |       |     3 |     2 ||     5
  Use: Scroll            |       |    13 |     1 ||    14
       Potion            |       |     6 |       ||     6
 Stab: Sleeping          |     3 |       |       ||     3
       Distracted        |       |     1 |       ||     1
  Eat: Chunk             |     1 |     4 |       ||     5
       Ration            |       |     1 |     1 ||     2
Armor: Skin              |     1 |    75 |     5 ||    81
Dodge: Dodged            |    13 |    65 |    15 ||    93
